 Dungeon Crawl Stone Soup version 0.27-b1-42-g19c61b19a5 (webtiles) character file.

Game seed: 3045743125243748076

24 Hypnoxylon the Magician (level 3, -1/27 HPs)
             Began as a Djinni Hedge Wizard on July 29, 2021.
             Slain by Sigmund (5 damage)
             ... on level 2 of the Dungeon.
             The game lasted 00:07:35 (1846 turns).

Hypnoxylon the Magician (Djinni Hedge Wizard)       Turns: 1846, Time: 00:07:36

Health: -1/27      AC:  2    Str:  9    XL:     3   Next: 15%
Gold:   36         EV: 12    Int: 16    God:
                   SH:  0    Dex: 12

rFire    + + .     SeeInvis .   a - +0 dagger
rCold    x . .     Faith    .   (no shield)
rNeg     . . .     Spirit   .   b - +0 robe
rPois    ∞         Reflect  .   c - +0 hat
rElec    .         Harm     .   (no cloak)
rCorr    .         Rampage  .   (no gloves)
Will     .....                  (boots unavailable)
Stlth    ++........             (no amulet)
HPRegen  0.09/turn              (no ring)
MPRegen  0.00/turn              (no ring)

@: flying
A: sickness immunity, fire resistance 2, cold vulnerability 1, float, innate
caster, hp casting, extra vitality 1
a: no special abilities


You were on level 2 of the Dungeon.
You visited 1 branch of the dungeon, and saw 2 of its levels.

You collected 36 gold pieces.


Innate Abilities, Weirdness & Mutations

You are immune to sickness and miasma.
You are immune to poison.
Your flesh is very heat resistant. (rF++)
You are vulnerable to cold. (rC-)
You float through the air rather than walking.
You learn spells naturally, not from books.
Your magical power is your life essence.
You have superior vitality. (+4 HP)


   Skills:
 + Level 1.2 Fighting
 - Level 2.1 Dodging
 - Level 1.5 Stealth
 * Level 3.0 Spellcasting


You couldn't memorise any spells.
You knew the following spells:

 Your Spells              Type           Power      Damage    Failure   Level
b - Blink                 Tloc           N/A        N/A       9%          2
c - Call Imp              Summ           12%        N/A       9%          2
d - Magic Dart            Conj           48%        1d5       5%          1
f - Conjure Flame         Conj/Fire      12%        6-21      16%         3
m - Mephitic Cloud        Conj/Pois/Air  12%        N/A       16%         3
s - Shock                 Conj/Air       48%        1d6       5%          1
S - Slow                  Hex            12%        N/A       9%          2
Your spell library was empty.

Inventory:

Hand Weapons
 a - a +0 dagger (weapon)
Missiles
 g - 29 stones
Armour
 b - a +0 robe (worn)
 c - a +0 hat (worn)
Scrolls
 d - a scroll of holy word {unknown}
 e - a scroll of magic mapping {unknown}
 i - a scroll of fog {unknown}
 j - a scroll of identify {unknown}
Potions
 f - a potion of curing {unknown}
 h - a potion of degeneration {unknown}


Message History

A beastly little devil appears in a puff of frigid air.
Sigmund barely misses you.
You swap places.
Sigmund barely misses your crimson imp.
Your crimson imp disappears in a puff of smoke!
Your crimson imp closely misses Sigmund.
Sigmund misses your crimson imp.
Casting: Call Imp (safe; 9% risk of failure)
Confirm with . or Enter, or press ? or * to list all spells.
A beastly little devil appears in a puff of flame.
Your crimson imp hits Sigmund.
Sigmund hits your crimson imp with a +1 scythe of flaming.
Casting: Call Imp (safe; 9% risk of failure)
Confirm with . or Enter, or press ? or * to list all spells.
A beastly little devil appears in a puff of flame.
Your crimson imp barely misses Sigmund.
Sigmund casts a spell.
Sigmund flickers and vanishes!
Deactivating autopickup; reactivate with Ctrl-A.
Casting: Call Imp (safe; 9% risk of failure)
Confirm with . or Enter, or press ? or * to list all spells.
A shadowy apparition takes form in the air.
Your crimson imp disappears in a puff of smoke!
What are your orders? t - Shout!
Orders for allies: a - Attack new target. r - Retreat! s - Stop attacking. g - Guard the area. f - Follow me.
Anything else - Cancel.
Gang up on whom?
Press: ? - help, Dir - move target
Aim: Disturbance (blue smoke) There's nothing there!
Your crimson imp disappears in a puff of smoke!
Your white imp disappears in a puff of smoke!
Something hits you. Something barely misses you.
You hit something. Something hits you!
* * * LOW HITPOINT WARNING * * *
You hit something but do no damage. Something hits you.
You die...

#..................)..#
#.....................#
#######...............##
#.........#####... .#####
#.........# #.## ......######
#.........# #.# .....).....#
#.........#####.# ######.###.#
#.............#.#
######.###.#####@5......####.#.#
...............{5.......+.....>#
######..##.#.###5.......########
##.##.#.###........# #
#.##.#............# #
..##.......####+### #
..####.###.#....# # ...# #.#
#.##.#.# # .... #.# #.##.##### #


You could see a friendly crimson imp (summoned), a friendly white imp (summoned)
and a friendly shadow imp (summoned).

Vanquished Creatures
  A dart slug (D:1)
  4 ball pythons
  2 goblins (D:1)
  2 hobgoblins
  2 quokkas
  2 frilled lizards (D:1)
  2 rats
15 creatures vanquished.

Vanquished Creatures (collateral kills)
  A worm (D:2)
  A goblin (D:2)
  3 jackals (D:1)
  A quokka (D:1)
  A rat (D:1)
7 creatures vanquished.

Grand Total: 22 creatures vanquished

Notes
Turn   | Place    | Note
-------+----------+-------------------------------------------
     0 | D:1      | Hypnoxylon the Djinni Hedge Wizard began the quest for the
                  | Orb.
     0 | D:1      | Reached XP level 1. HP: 15/15 MP: 0/0
   233 | D:1      | Reached XP level 2. HP: 17/22 MP: 0/0
   497 | D:1      | Found a faded altar of an unknown god.
   688 | D:1      | Reached skill level 1 in Fighting
  1485 | D:2      | Reached XP level 3. HP: 22/27 MP: 0/0
  1485 | D:2      | Learned a level 1 spell: Shock
  1537 | D:2      | Reached skill level 3 in Spellcasting
  1577 | D:2      | Noticed Sigmund
  1845 | D:2      | HP: 4/27 [something (9)]
  1846 | D:2      | Slain by Sigmund

Levels and vault maps discovered:
D:1:      amcnicky_arrival_gap_in_the_tavern_cellar, layout_loops_ring,
          ebering_ecumenical_altar_mist
D:2:      layout_basic, uniq_sigmund

Action                   || total
-------------------------++-------
Melee: Dagger            ||    10
 Cast: Magic Dart        ||    34
       Call Imp          ||    22
       Mephitic Cloud    ||     1
Dodge: Dodged            ||     5
